 Dungeon Crawl Stone Soup version 0.20-a0-502-g555d78b (webtiles) character file.

1103 M4edhros the Sneak (level 8, -3/48 HPs)
             Began as an Octopode Artificer on Jan 20, 2017.
             Slain by an iguana (15 damage)
             ... on level 6 of the Dungeon.
             The game lasted 00:08:22 (9784 turns).

M4edhros the Sneak (Octopode Artificer)             Turns: 9784, Time: 00:08:23

Health: -3/48      AC:  1    Str: 12    XL:     8   Next: 32%
Magic:  15/15      EV: 14    Int: 10    God:    Xom [...*..]
Gold:   83         SH:  0    Dex: 17    Spells: 9/16 levels left

rFire    . . .     SeeInvis .   f - +2 dire flail (holy)
rCold    + . .     Gourm    .   (shield currently unavailable)
rNeg     . . .     Faith    .   (helmet restricted)
rPois    .         Spirit   .   (no amulet)
rElec    .         Reflect  .   k - +3 ring of dexterity
rCorr    .         Harm     .   g - ring "Pofyerch" {rC+ MR+ Int-3 Dex+4}
MR       +....                  (no ring)
Stlth    +++++.....             (no ring)
Regen    0.2/turn               (no ring)
                                (no ring)
                                (no ring)
                                (no ring)

@: no status effects
A: almost no armour, stealthy swim, amphibious, 8 rings, constrict 8, camouflage
1, blurry vision 2, clumsy 2, sense surroundings 1, wild magic 1, gelatinous
body 1
a: Renounce Religion


You were on level 6 of the Dungeon.
You worshipped Xom.
You were a favourite toy of Xom.
You were near starving.

You visited 2 branches of the dungeon, and saw 7 of its levels.
You also visited: Sewer.

You collected 83 gold pieces.

Inventory:

Hand Weapons
 a - a +0 short sword
 f - a +2 dire flail of holy wrath (weapon)
 v - a +2 vampiric dagger
Jewellery
 g - the ring "Pofyerch" (right tentacle) {rC+ MR+ Int-3 Dex+4}
   (Xom gifted it to you in the Ecumenical Temple)

   [ring of protection from magic]

   It affects your intelligence (-3).
   It affects your dexterity (+4).
   It protects you from cold.
   It affects your resistance to hostile enchantments.
 k - a +3 ring of dexterity (left tentacle)
Wands
 b - a wand of flame (8/48)
 c - a wand of enslavement (9/24)
 d - a wand of random effects (5/48)
Scrolls
 l - 2 scrolls of amnesia {unknown}
 q - a scroll of remove curse {unknown}
 s - 2 scrolls of teleportation
 u - a scroll of fear {unknown}
 w - a scroll of recharging {unknown}
 y - 3 scrolls of fog {unknown}
 z - a scroll of magic mapping {unknown}
Potions
 e - 4 potions of brilliance
 i - a potion of magic
 p - a potion of curing
 r - 4 potions of heal wounds
Books
 m - a book of Conjurations

   Spells                             Type                      Level
   a - Magic Dart                     Conjuration                  1
   b - Searing Ray                    Conjuration                  2
   c - Dazzling Spray                 Conjuration/Hexes            3
   d - Fulminant Prism                Conjuration/Hexes            4
   e - Iskenderun's Mystic Blast      Conjuration                  4
   f - Iskenderun's Battlesphere      Conjuration/Charms           5
Comestibles
 n - 3 fruits


   Skills:
 + Level 1.2 Fighting
 - Level 1.0 Short Blades
 + Level 2.2 Dodging
 + Level 7.3 Stealth
 * Level 4.8 Spellcasting
 * Level 5.3 Conjurations
 * Level 1.2 Charms
 - Level 3.2 Evocations


You had 9 spell levels left.
You knew the following spells:

 Your Spells              Type           Power        Failure   Level  Hunger
a - Searing Ray           Conj           ###...       8%          2    ##.....
b - Iskenderun's Battles  Conj/Chrm      ##......     99%         5    ######.


Dungeon Overview and Level Annotations

Branches:
Dungeon (6/15)             Temple (1/1) D:4

Altars:
Ashenzari
Cheibriados
Dithmenos
Elyvilon
Gozag
Okawaru
Qazlal
Sif Muna
Vehumet
Xom
Yredelemnul
Zin

Shops:
D:4 }

Annotations:
D:2 Robin


Innate Abilities, Weirdness & Mutations

You cannot wear most types of armour.
You are very stealthy in the water. (Stealth+)
You are amphibious.
You can wear up to eight rings at the same time.
You can use your tentacles to constrict eight enemies at once.
Your skin changes colour to match your surroundings (Stealth+).
Your rubbery body absorbs attacks. (AC +1, EV +1)
Scrolls take you longer to read.
You are very clumsy. (Dex -4)
You passively map a small area around you.
Your spells are a little harder to cast, but a little more powerful.


Message History

The orc warrior hits you with a morningstar!!
Unknown command.
You hit the orc warrior but do no damage.
The orc warrior is almost dead.
You constrict the orc warrior.
You kill the orc warrior!
Your Charms skill increases to level 1!
The iguana bites you!
Unknown command.
You hit the iguana. You grab the iguana.
The iguana is heavily wounded.
You constrict the iguana. The iguana bites you!
* * * LOW HITPOINT WARNING * * *
Your orc priest hits the iguana but does no damage.
An orc priest comes into view.
Unknown command.
You barely miss the iguana.
The iguana is heavily wounded.
You constrict the iguana. The iguana bites you!
You die...

* ..... , ,
$....# , .....# ,
. .....# , ..,
#.....#
...######.†....#
,..........)....#
, .......o))....#
......l@......#*
, ,
...............#
,......#######..#
, ###... * .# ,
,....,* **# * *
.o...,,* *....
.... * *


You could see an iguana, an orc priest and a friendly orc priest.

Vanquished Creatures
  2 centaurs (D:5)
  Edmund (D:4)
  Duvessa (D:4)
  A sky beast (D:5)
  An orc warrior (D:6)
  An ogre (D:4)
  Dowan (D:4)
  A howler monkey (D:5)
  A crimson imp (D:4)
  A jelly (D:5)
  A hound (D:4)
  3 iguanas
  A worker ant (D:4)
  4 gnolls (D:5)
  3 adders
  A worm (D:5)
  A dart slug (D:1)
  12 orcs
  7 ball pythons
  3 bats
  3 giant cockroaches
  3 hobgoblins (D:1)
  8 jackals
  3 frilled lizards (Sewer)
  A giant cockroach zombie (D:5)
  3 goblins
  A jackal skeleton (D:4)
  A jackal zombie (D:5)
  9 kobolds
  9 rats
  3 plants (Sewer)
91 creatures vanquished.

Vanquished Creatures (collateral kills)
  A phantom (D:5)
  A shadow imp (D:5)
2 creatures vanquished.

Vanquished Creatures (others)
  3 orcs (D:6)
3 creatures vanquished.

Grand Total: 96 creatures vanquished

Notes
Turn   | Place    | Note
-------+----------+-------------------------------------------
     0 | D:1      | M4edhros the Octopode Artificer began the quest for the Orb.
     0 | D:1      | Reached XP level 1. HP: 13/13 MP: 3/3
   111 | D:1      | Reached skill level 2 in Stealth
   402 | D:1      | Reached XP level 2. HP: 16/18 MP: 4/4
   433 | D:1      | Reached skill level 3 in Stealth
   515 | D:2      | Noticed Robin
   931 | D:3      | Reached skill level 4 in Stealth
   953 | D:3      | Reached XP level 3. HP: 17/23 MP: 5/5
  1073 | D:4      | Learned a level 2 spell: Searing Ray
  1109 | D:4      | Reached skill level 1 in Conjurations
  1109 | D:4      | Reached XP level 4. HP: 14/28 MP: 6/6
  1159 | D:4      | Reached skill level 1 in Spellcasting
  1160 | D:4      | Found Ticusul's Gadget Boutique.
  1178 | D:4      | Reached XP level 5. HP: 14/33 MP: 7/7
  1236 | D:4      | Found a shimmering altar of Xom.
  1244 | D:4      | Became a worshipper of Xom of Chaos
  1277 | D:4      | Noticed an ogre
  1279 | D:4      | Killed an ogre
  1279 | D:4      | Reached skill level 5 in Stealth
  1302 | D:4      | Found a glowing drain.
  1311 | Sewer    | Entered a sewer
  1506 | Sewer    | Reached XP level 6. HP: 34/38 MP: 9/9
  1787 | Sewer    | XOM is BORED!
  1787 | Sewer    | XOM: mild Air miscast
  1863 | D:4      | Noticed Duvessa
  1863 | D:4      | Noticed Dowan
  1873 | D:4      | Killed Duvessa
  1873 | D:4      | Reached skill level 6 in Stealth
  1883 | D:5      | Entered Level 5 of the Dungeon
  1883 | D:5      | Noticed a phantom
  1892 | D:5      | Gained mutation: Scrolls take you a little longer to read. [potion of mutation]
  1892 | D:5      | Gained mutation: Potions are less effective at restoring your health. [potion of mutation]
  1892 | D:5      | Gained mutation: You passively map a small area around you. [potion of mutation]
  1901 | D:5      | Killed a phantom
  1901 | D:5      | Reached XP level 7. HP: 4/43 MP: 10/12
  1931 | D:5      | Killed a centaur
  1960 | D:5      | Gained mutation: You are clumsy. (Dex -2) [potion of mutation]
  1960 | D:5      | Gained mutation: Your spells are a little harder to cast, but a little more powerful. [potion of mutation]
  2150 | D:4      | Found a staircase to the Ecumenical Temple.
  2231 | Temple   | Entered the Ecumenical Temple
  2433 | Temple   | XOM: 1-stop teleportation journey
  2720 | Temple   | XOM: 3-stop teleportation journey
  2737 | Temple   | XOM: give mutations
  2737 | Temple   | Gained mutation: You are weak. (Str -2) [Xom's mischief]
  2737 | Temple   | Gained mutation: You evolve. [Xom's mischief]
  2737 | Temple   | Gained mutation: Scrolls take you longer to read. [Xom's mischief]
  2762 | Temple   | XOM: god gift: 24 gold pieces
  2821 | Temple   | XOM: 2-stop teleportation journey
  3074 | Temple   | XOM: 4-stop teleportation journey
  3447 | Temple   | XOM: mild Ice miscast
  3467 | Temple   | XOM: harmless Fire miscast
  3612 | Temple   | XOM: summons 3 hostile demons
  4359 | Temple   | XOM: 2-stop teleportation journey
  4563 | Temple   | XOM: medium Chrm miscast
  7419 | Temple   | XOM: mild Pois miscast
  7451 | D:4      | XOM: smoke on damage
  7614 | D:4      | XOM: stat loss: -1 Dex (14/15)
  7623 | D:4      | Killed Dowan
  7691 | D:4      | Noticed Edmund
  7701 | D:4      | Killed Edmund
  7982 | D:5      | Found a snail-covered altar of Cheibriados.
  8111 | D:5      | XOM: harmless Tloc miscast
  8163 | D:5      | XOM: give mutations
  8163 | D:5      | Lost mutation: You are weak. (Str -2) [Xom's mischief]
  8163 | D:5      | Lost mutation: Potions are less effective at restoring your health. [Xom's mischief]
  8163 | D:5      | Gained mutation: You are weak. (Str -2) [Xom's mischief]
  8163 | D:5      | Gained mutation: You are very clumsy. (Dex -4) [Xom's mischief]
  8345 | D:5      | XOM: mild Ice miscast
  8360 | D:5      | Lost mutation: You are weak. (Str -2) [evolution]
  8360 | D:5      | Lost mutation: You evolve. [end of evolution]
  8379 | D:5      | XOM: 5-stop teleportation journey
  8597 | D:5      | Reached skill level 7 in Stealth
  8597 | D:5      | Reached skill level 5 in Conjurations
  8597 | D:5      | Reached XP level 8. HP: 27/48 MP: 14/14
  9131 | Temple   | XOM is BORED!
  9131 | Temple   | XOM: medium Tmut miscast
  9157 | Temple   | XOM: god gift: wavering wooden ring {god gift}
  9158 | Temple   | Got a wavering wooden ring {god gift}
  9159 | Temple   | Identified the ring "Pofyerch" {rC+ MR+ Int-3 Dex+4} (Xom gifted it to you in the Ecumenical Temple)
  9163 | Temple   | Gained mutation: You are weak. (Str -2) [mutagenic glow]
  9170 | Temple   | Learned a level 5 spell: Iskenderun's Battlesphere
  9222 | Temple   | Lost mutation: You are weak. (Str -2) [mutagenic glow]
  9675 | D:5      | XOM: harmless Hex miscast
  9777 | D:6      | XOM: destruction
  9782 | D:6      | Reached skill level 1 in Charms
  9784 | D:6      | Slain by an iguana

Vault maps used:
D:1:      dpeg_arrival_water_fire, hangedman_decor_push
D:2:      dancing_weapons_uskayaw, serial_bayou_pond_d, uniq_robin, uniq_sigmund
D:3:      tso_metal_star, uniq_natasha
D:4:      lemuel_round_altar, portal_sewer_entry_a, first_bread, serial_shops,
          shop, uniq_edmund, uniq_duvessa
D:5:      kennysheep_mini_moat
D:6:      lightli_temple_of_fire, fedhas_altar_4, uniq_blork_the_orc
Temple:   eino_temple_lava
Sewer:    sewer_co_scattered_pipes

Skill      XL: |  1  2  3  4  5  6  7  8 |
---------------+-------------------------+-----
Stealth        | 2 4 5 6 7 |  7.3
Conjurations   | 1 2 3 5 |  5.3
Spellcasting   | 1 2 3 4 |  4.8
Charms         | 1 |  1.2
Fighting       | |  1.2
Short Blades   | |  1.0
Dodging        | |  2.2
Evocations     | |  3.2

Action                   |  1- 3 |  4- 6 |  7- 9 || total
-------------------------+-------+-------+-------++-------
Melee: Short sword       |    50 |   114 |    30 ||   194
       Constrict         |    13 |    17 |    19 ||    49
       Tentacles         |     7 |    18 |    16 ||    41
       Dire flail        |       |       |    45 ||    45
Evoke: Wand              |     1 |    11 |    11 ||    23
  Use: Scroll            |     1 |       |       ||     1
       Potion            |       |     3 |     6 ||     9
 Stab: Sleeping          |     7 |    10 |     5 ||    22
       Paralysed         |       |       |     3 ||     3
       Distracted        |       |       |     1 ||     1
  Eat: Chunk             |       |     1 |     8 ||     9
       Pizza             |       |     1 |       ||     1
       Bread ration      |       |       |     3 ||     3
       Beef jerky        |       |       |     1 ||     1
Armor: Skin              |     3 |     4 |     3 ||    10
Dodge: Dodged            |    27 |    46 |    47 ||   120
